 Dungeon Crawl Stone Soup version 0.17-a0-1798-g879a7aa (webtiles) character file.

693 TruthSerum the Basher (level 7, -1/80 HPs)
             Began as an Ogre Gladiator on Sept 11, 2015.
             Was an Initiate of Qazlal.
             Shot with an arrow by a centaur (10 damage)
             ... on level 5 of the Dungeon.
             The game lasted 00:15:10 (4501 turns).

TruthSerum the Basher (Ogre Gladiator)              Turns: 4501, Time: 00:15:10

Health: -1/80      AC:  4    Str: 23    XL:     7   Next: 64%
Magic:  6/6        EV: 10    Int:  7    God:    Qazlal [......]
Gold:   208        SH:  0    Dex: 12    Spells: 0 memorised, 6 levels left

rFire  . . .     SeeInvis .     a - +1 flail
rCold  . . .     Clarity  .     b - +0 robe
rNeg   . . .     SustAt   .     (no shield)
rPois  +         Gourm    .     c - +0 hat
rElec  .         Spirit   .     o - +0 cloak
rCorr  .         Warding  .     (gloves unavailable)
rMut   .         Stasis   .     (boots unavailable)
MR     ++...                    (no amulet)
Stlth  +.........               l - ring of protection from magic
                                g - ring of poison resistance

@: very resistant to hostile enchantments, very unstealthy
A: unfitting armour, low mp 1, magic resistance 1, strong 1, tough skin 1
a: Renounce Religion


You were on level 5 of the Dungeon.
You worshipped Qazlal.
Qazlal was noncommittal.
You were not hungry.

You visited 1 branch of the dungeon, and saw 5 of its levels.
You also visited: Sewer.

You collected 208 gold pieces.

Inventory:

Hand weapons
 a - a +1 flail (weapon)
Missiles
 d - 3 throwing nets (quivered)
Armour
 b - a +0 robe (worn)
 c - a +0 hat (worn)
 o - a +0 cloak (worn)
Jewellery
 g - a ring of poison resistance (left hand)
 l - a ring of protection from magic (right hand)
Magical devices
 r - a wand of cold (12)
Scrolls
 h - a scroll of teleportation {unknown}
 m - a scroll of amnesia {unknown}
 q - a scroll of random uselessness {unknown}
Potions
 i - a potion of invisibility {unknown}
 j - a potion of resistance
 n - 4 potions of poison {unknown}
 p - a potion of heal wounds {unknown}
Comestibles
 e - 4 bread rations
 f - 5 mutagenic chunks of flesh
 k - 4 meat rations
 s - 5 chunks of flesh


   Skills:
 + Level 8.0 Fighting
 + Level 8.5 Maces & Flails
 - Level 2.1 Throwing
 - Level 2.6 Dodging


You had 6 spell levels left.
You didn't know any spells.

Dungeon Overview and Level Annotations

Branches:
Dungeon (5/15)
 Temple: D:4-7

Altars:
Ashenzari
Elyvilon
Kikubaaqudgha
Qazlal

Annotations:
D:5 2 runed doors


Innate Abilities, Weirdness & Mutations

You are too large for most types of armour.
You have tough skin (AC +1).
Your magical capacity is low (-10% MP).
You are resistant to hostile enchantments.
Your muscles are strong. (Str +2)


Message History

You feel sick. x6
You are no longer poisoned.
You start resting.
You hear the brisk hiss of an avalanche of sand nearby.
Found a scroll labeled IJAYCO OSUONEPP.
Found a stone staircase leading up.
Found a ring mail.
Found a stormy altar of Qazlal.
There is a stormy altar of Qazlal here.
You kneel at the altar of Qazlal.
Qazlal welcomes you!
Qazlal will now protect you from your own clouds.
Found a scroll labeled IJAYCO OSUONEPP.
A centaur comes into view.
The centaur wields a shortbow.
The centaur shoots an arrow.
The arrow closely misses you.
You see here an arrow.
The centaur shoots an arrow.
The arrow hits you.
* * * LOW HITPOINT WARNING * * *
The centaur shoots an arrow.
The arrow hits you!
You die...

.... #..## #...# # #... ..
#..###..# ..## #........#
#.%.## #
##.........##......
+.##++##.@...........[....
#........##.#.(.....#.....
.##....###?#.............
##...............^#..#.
.####.(###.##.....)<.....
...?.c.............).#....
..c........<.###....## #..
..#######.#.###..#..# . .
###...##..#####


You could see a centaur.

Vanquished Creatures
  A sky beast (D:5)
  Purgy (Sewer)
  A scorpion (D:4)
  An orc priest (D:4)
  5 orc wizards (D:4)
  3 worker ants (D:4)
  7 adders
  3 gnolls (D:2)
  An ooze (D:2)
  A worm (D:2)
  3 giant geckos
  17 orcs
  A ball python (Sewer)
  10 giant cockroaches
  9 hobgoblins
  6 jackals
  2 quokkas
  10 bats
  6 giant newts
  7 goblins
  5 kobolds
  7 rats
  3 rat zombies (D:4)
110 creatures vanquished.

Vanquished Creatures (others)
  A quokka (D:3)
1 creature vanquished.

Grand Total: 111 creatures vanquished

Notes
Turn   | Place    | Note
--------------------------------------------------------------
     0 | D:1      | TruthSerum the Ogre Gladiator began the quest for the Orb.
     0 | D:1      | Reached XP level 1. HP: 22/22 MP: 1/1
   382 | D:1      | Reached XP level 2. HP: 25/31 MP: 2/2
   888 | D:1      | Reached XP level 3. HP: 36/39 MP: 3/3
  1247 | D:2      | Reached skill level 5 in Maces & Flails
  1544 | D:2      | Reached XP level 4. HP: 46/49 MP: 4/4
  1616 | D:2      | Found a shattered altar of Ashenzari.
  2004 | D:2      | Reached skill level 5 in Fighting
  2354 | D:2      | Gained mutation: You are resistant to hostile enchantments. [potion of mutation]
  2354 | D:2      | Gained mutation: Your magical capacity is low (-10% MP). [potion of mutation]
  2354 | D:2      | Gained mutation: Your muscles are strong. (Str +2) [potion of mutation]
  2445 | D:3      | Found a glowing drain.
  2451 | D:3      | Reached XP level 5. HP: 51/57 MP: 4/4
  2471 | Sewer    | Entered a sewer
  2494 | Sewer    | Noticed Purgy
  2494 | Sewer    | Noticed flyleaff's ghost (average HEHu)
  2508 | Sewer    | Killed Purgy
  2508 | Sewer    | Reached skill level 6 in Maces & Flails
  2707 | Sewer    | HP: 1/59 [flyleaff's ghost (5)]
  2933 | D:3      | Reached XP level 6. HP: 42/67 MP: 5/5
  3124 | D:3      | Found a white marble altar of Elyvilon.
  3521 | D:4      | Reached skill level 7 in Maces & Flails
  3751 | D:4      | Reached XP level 7. HP: 54/76 MP: 6/6
  3880 | D:4      | Found an ancient bone altar of Kikubaaqudgha.
  4136 | D:4      | Reached skill level 8 in Maces & Flails
  4197 | D:5      | Entered Level 5 of the Dungeon
  4481 | D:5      | Found a stormy altar of Qazlal.
  4486 | D:5      | Became a worshipper of Qazlal Stormbringer
  4493 | D:5      | Found a large runed door.
  4493 | D:5      | Found a large runed door.
  4501 | D:5      | Shot with an arrow by a centaur

Vault maps used:
D:1:      dpeg_arrival_rooms_b
D:2:      ashenzari_altar_1
D:3:      elyvilon_altar_4, portal_sewer_entry_f, first_bread,
          minmay_strange_pillars
D:4:      lemuel_zombie_altar_kikubaaqudgha
D:5:      grunt_qazlal_clouds, enter_ossuary_1, minmay_hollow_rounded_squares
Sewer:    sewer_co_purgy_island

Action                   |  1- 3 |  4- 6 |  7- 9 || total
-------------------------+-------+-------+-------++-------
Melee: Flail             |    88 |   190 |    72 ||   350
  Use: Scroll            |       |     8 |     1 ||     9
       Potion            |       |     1 |       ||     1
 Stab: Sleeping          |       |     1 |       ||     1
  Eat: Chunk             |     2 |     7 |     3 ||    12
